 Dungeon Crawl Stone Soup version 0.17-a0-1509-g274fe30 (webtiles) character file.

70 Econoterrorist the Ruffian (level 4, -1/38 HPs)
             Began as a Ghoul Monk on July 10, 2015.
             Killed by divine providence
             ... invoked by an orc priest
              (14 damage)
             ... on level 3 of the Dungeon.
             The game lasted 00:04:57 (1490 turns).

Econoterrorist the Ruffian (Ghoul Monk)             Turns: 1490, Time: 00:04:57

Health: -1/38      AC:  3    Str: 14    XL:     4   Next: 22%
Magic:  3/3        EV: 12    Int:  6    God:
Gold:   137        SH:  0    Dex: 11    Spells: 0 memorised, 3 levels left

rFire  . . .     SeeInvis .       - Unarmed
rCold  + . .     Clarity  .     k - +0 robe (curse)
rNeg   + + +     SustAt   .     (no shield)
rPois  ∞         Gourm    .     (no helmet)
rElec  .         Spirit   .     (no cloak)
rCorr  .         Warding  .     (no gloves)
rMut   .         Stasis   .     d - +0 pair of boots
MR     .....                    (no amulet)
Stlth  ++........               (no ring)
                                (no ring)

@: rotting, not resistant to hostile enchantments, unstealthy
A: rotting body, claws 1, carnivore 3, cold resistance 1, negative energy
resistance 3, slow healing 1, torment resistance, unbreathing
a: no special abilities


You were on level 3 of the Dungeon.
You were not hungry.

You visited 1 branch of the dungeon, and saw 3 of its levels.

You collected 137 gold pieces.

Inventory:

Missiles
 g - a throwing net (quivered)
Armour
 d - a +0 pair of boots (worn)
 k - a cursed +0 robe (worn)
Jewellery
 e - an uncursed ring of fire
Scrolls
 f - 4 scrolls of identify {unknown}
 j - 2 scrolls of fear {unknown}
 l - 3 scrolls of remove curse {unknown}
Potions
 c - a potion of degeneration {unknown}
 h - a potion of heal wounds {unknown}
 i - 4 potions of lignification {unknown}
Comestibles
 a - 3 chunks of flesh
 b - 2 meat rations


   Skills:
 + Level 3.3 Fighting
 - Level 2.6 Dodging
 - Level 2.1 Stealth
 * Level 6.1 Unarmed Combat


You had 3 spell levels left.
You didn't know any spells.

Dungeon Overview and Level Annotations

Branches:
Dungeon (3/15)

Altars:
Xom
Zin


Innate Abilities, Weirdness & Mutations

Your body is rotting away.
You thrive on raw meat.
You are immune to poison.
You have sharp fingernails.
You are carnivorous and can eat meat at any time.
Your flesh is cold resistant.
You are immune to negative energy.
You heal slowly when monsters are visible.
You are immune to unholy pain and torment.
You can survive without breathing.


Message History

You scratch the orc but do no damage. The orc barely misses you.
You scratch the orc.
The orc begins to bleed from its wounds!
The orc is moderately wounded.
The orc hits you with a flail!
You scratch the orc.
You kill the orc!
You scratch the orc.
The orc begins to bleed from its wounds!
The orc is heavily wounded.
You claw the orc!
You kill the orc!
You closely miss the goblin. The goblin hits you but does no damage.
The orc priest invokes the aid of Beogh against you.
Something smites you!
You claw the goblin!
You kill the goblin!
The orc priest calls down the wrath of Beogh upon you.
Something smites you!
You die...

#... ... .... ... #.
#..##.## #..# #.##.#
#.o#...## #..###.#.#
#.o.....###..##....#
### #.# ...........#
#.# #g##.#####..##..#
#.#
#=##...[........###.
#.#
##.########..###..<..
#.###.o)@........#
######
#......########.##
######..........#
############


You could see an orc priest.

Vanquished Creatures
  A gnoll (D:1)
  2 adders (D:2)
  A worm (D:2)
  2 orcs (D:3)
  5 bats
  A giant cockroach (D:1)
  7 goblins
  3 hobgoblins
  2 quokkas (D:2)
  2 giant newts (D:1)
  5 kobolds
  7 rats
38 creatures vanquished.

Notes
Turn   | Place    | Note
--------------------------------------------------------------
     0 | D:1      | Econoterrorist the Ghoul Monk began the quest for the Orb.
     0 | D:1      | Reached XP level 1. HP: 19/19 MP: 0/0
   161 | D:1      | Reached XP level 2. HP: 24/26 MP: 1/1
   199 | D:1      | Reached skill level 5 in Unarmed Combat
   370 | D:1      | Reached XP level 3. HP: 28/31 MP: 2/2
   786 | D:2      | Found a glowing silver altar of Zin.
   844 | D:2      | Found a shimmering altar of Xom.
  1376 | D:2      | Reached skill level 6 in Unarmed Combat
  1376 | D:2      | Reached XP level 4. HP: 33/38 MP: 3/3
  1490 | D:3      | Killed from afar by an orc priest

Vault maps used:
D:1:      minmay_arrival_shoal_huts
D:2:      old_standard_altar, xom_teletrap_fun, kennysheep_generic_room_5
D:3:      nicolae_overflow_crystal_walls, nicolae_gozag_seed_capital,
          lemuel_round_altar, lightli_temple_of_fire, portal_sewer_entry_e,
          hex_medium, uniq_terence

Action                   |  1- 3 |  4- 6 || total
-------------------------+-------+-------++-------
Melee: Unarmed           |   102 |    13 ||   115
 Stab: Sleeping          |     4 |       ||     4
  Eat: Chunk             |    13 |       ||    13
